| TOP OF THE 1ST |
|
Corpus Christi Hooks batting - Pitching for Frisco RoughRiders : RHP Eric Richards
|
|
Pitching: RHP Eric Richards
|
|
|
Batting: LHB Jose Chavez
|
0-0: Called Strike 0-1: Ball 1-1: Ball 2-1: Foul Ball, location: 2F 2-2: Ball 3-2: Foul Ball, location: 2F 3-2: Strikes out looking
|
|
Batting: RHB Edgar Trejo
|
0-0: Foul Ball, location: 2F 0-1: Ball 1-1: Ball 2-1: Ball 3-1: Foul Ball, location: 2F 3-2: Foul Ball, location: 2F 3-2: SINGLE (Line Drive, 7LS, EV 103.1 MPH)
|
|
Batting: RHB Duncan Collins
|
0-0: Ball 1-0: Called Strike Edgar Trejo steals 2nd, throwing error, E2 Edgar Trejo to third 1-1: Swinging Strike 1-2: Foul Ball, location: 2F 1-2: Ground out 5-3 (Groundball, 56S, EV 94.4 MPH) Edgar Trejo scores
|
|
Batting: LHB Bob Dietz
|
0-0: SINGLE (Line Drive, 7LM, EV 108.1 MPH)
|
|
Batting: RHB Jesus Malave
|
0-0: Foul Ball, location: 2F 0-1: Ball 1-1: Ground out 5-3 (Groundball, 5L, EV 92.5 MPH)
|
| Top of the 1st over - 1 run, 2 hits, 1 error, 1 left on base; Corpus Christi 1 - Frisco 0 |
| BOTTOM OF THE 1ST |
|
Frisco RoughRiders batting - Pitching for Corpus Christi Hooks : RHP Mike Wirick
|
|
Pitching: RHP Mike Wirick
|
|
|
Batting: LHB Yoshinari Nara
|
0-0: Called Strike 0-1: Called Strike 0-2: Ball 1-2: Ball 2-2: Ball 3-2: Foul Ball, location: 2F 3-2: Foul Ball, location: 2F 3-2: SINGLE (Groundball, P, EV 88.8 MPH) (infield hit)
|
|
Batting: LHB Jody Hudson
|
0-0: Ball Yoshinari Nara steals 2nd base 1-0: Foul Ball, location: 2F 1-1: Foul Ball, location: 2F 1-2: Ball 2-2: Ground out 4-3 (Groundball, 4, EV 85.6 MPH) Yoshinari Nara to third
|
|
Batting: RHB Chance Lamb
|
0-0: Ball 1-0: Ball 2-0: Ball 3-0: Called Strike 3-1: Base on Balls
|
|
Batting: LHB Josh Stuck
|
0-0: Ball 1-0: Ball 2-0: Called Strike 2-1: Foul Ball, location: 2F 2-2: Ball 3-2: Base on Balls Chance Lamb to second
|
|
Batting: RHB Wally Cangro
|
0-0: Swinging Strike 0-1: Ball 1-1: Ball 2-1: Foul Ball, location: 2F 2-2: DOUBLE (Line Drive, 78D, EV 104.4 MPH) Yoshinari Nara scores Chance Lamb scores Josh Stuck to third
|
|
Batting: RHB Danny Odom
|
0-0: Ball 1-0: Foul Ball, location: 2F 1-1: Fly out, F8 (Line Drive, 89M, EV 106.2 MPH) Runner from 3rd tags up, SCORES, no throw by CF
|
|
Batting: RHB Jordan Fairburn
|
0-0: Ball 1-0: Foul Ball, location: 2F 1-1: Ball 2-1: Swinging Strike 2-2: Ball 3-2: SINGLE (Line Drive, 78S, EV 92.5 MPH) Wally Cangro to third Runner from 3rd tries for Home, SAFE, throw by LF to home
|
|
Batting: RHB Matt Sanders
|
0-0: Ball 1-0: Foul Ball, location: 2F 1-1: Fly out, F9 (Flyball, 89S, EV 86.9 MPH)
|
| Bottom of the 1st over - 4 runs, 3 hits, 0 errors, 1 left on base; Corpus Christi 1 - Frisco 4 |
| TOP OF THE 2ND |
|
Corpus Christi Hooks batting - Pitching for Frisco RoughRiders : RHP Eric Richards
|
|
Batting: RHB Pat McCoy
|
0-0: Called Strike 0-1: Foul Ball, location: 2F 0-2: Ball 1-2: Strikes out swinging
|
|
Batting: RHB Alex Campos
|
0-0: Ground out 5-3 (Groundball, 56, EV 98.8 MPH)
|
|
Batting: RHB Dustin Hartman
|
0-0: Ball 1-0: Ball 2-0: Called Strike 2-1: Ball 3-1: Swinging Strike 3-2: DOUBLE (Flyball, 8RD, EV 88.8 MPH)
|
|
Batting: RHB Dave Gallegos
|
0-0: Swinging Strike 0-1: Ball 1-1: Foul Ball, location: 2F 1-2: Ball 2-2: Strikes out swinging
|
| Top of the 2nd over - 0 runs, 1 hit, 0 errors, 1 left on base; Corpus Christi 1 - Frisco 4 |
| BOTTOM OF THE 2ND |
|
Frisco RoughRiders batting - Pitching for Corpus Christi Hooks : RHP Mike Wirick
|
|
Batting: RHB Luis Arce
|
0-0: Called Strike 0-1: Foul Ball, location: 2F 0-2: Foul Ball, location: 2F 0-2: Foul Ball, location: 2F 0-2: Ground out 6-3 (Groundball, 6, EV 98.1 MPH)
|
|
Batting: LHB Yoshinari Nara
|
0-0: Called Strike 0-1: Ball 1-1: Called Strike 1-2: Foul Ball, location: 2F 1-2: Ball 2-2: Foul Ball, location: 2F 2-2: Ball 3-2: Base on Balls
|
|
Batting: LHB Jody Hudson
|
0-0: Ball 1-0: Ball 2-0: Grounds into double play, 6-4-3 (Groundball, 6, EV 88.1 MPH)
|
| Bottom of the 2nd over - 0 runs, 0 hits, 0 errors, 0 left on base; Corpus Christi 1 - Frisco 4 |
| TOP OF THE 3RD |
|
Corpus Christi Hooks batting - Pitching for Frisco RoughRiders : RHP Eric Richards
|
|
Batting: LHB Jose Chavez
|
0-0: Foul Ball, location: 2F 0-1: Swinging Strike 0-2: Fly out, F7 (Flyball, 7D, EV 85.0 MPH)
|
|
Batting: RHB Edgar Trejo
|
0-0: Called Strike 0-1: SINGLE (Groundball, 4D, EV 110.0 MPH)
|
|
Batting: RHB Duncan Collins
|
0-0: Ball 1-0: Foul Ball, location: 2F 1-1: Ball Wild Pitch! Edgar Trejo to second 2-1: Called Strike Edgar Trejo steals 3rd base 2-2: Fly out, F8 (Line Drive, 8RD, EV 86.9 MPH) Runner from 3rd tags up, OUT at HOME! 8-2
|
| Top of the 3rd over - 0 runs, 1 hit, 0 errors, 0 left on base; Corpus Christi 1 - Frisco 4 |
| BOTTOM OF THE 3RD |
|
Frisco RoughRiders batting - Pitching for Corpus Christi Hooks : RHP Mike Wirick
|
|
Batting: RHB Chance Lamb
|
0-0: Ball 1-0: Ball 2-0: Foul Ball, location: 2F 2-1: SINGLE (Line Drive, 34D, EV 93.8 MPH)
|
|
Batting: LHB Josh Stuck
|
0-0: Called Strike 0-1: Ball 1-1: Foul Ball, location: 2F 1-2: Grounds out, U3 (Groundball, 3L, EV 101.9 MPH)
|
|
Batting: RHB Wally Cangro
|
0-0: Called Strike 0-1: Ball 1-1: Fly out, F7 (Flyball, 7D, EV 86.2 MPH) Runner from 2nd tags up, SAFE at 3rd, no throw by LF
|
|
Batting: RHB Danny Odom
|
0-0: Called Strike 0-1: SINGLE (Line Drive, 4MD, EV 104.4 MPH) Chance Lamb scores
|
|
Pitching: RHP Robin Yelland
|
|
|
Batting: RHB Jordan Fairburn
|
0-0: Ball Danny Odom steals 2nd base (no throw) 1-0: Ball 2-0: Foul Ball, location: 2F 2-1: SINGLE (Groundball, 25, EV 61.9 MPH) (infield hit) Danny Odom to third
|
|
Batting: RHB Matt Sanders
|
0-0: Ball 1-0: Called Strike 1-1: Ball 2-1: Ball 3-1: Called Strike 3-2: Base on Balls Jordan Fairburn to second
|
|
Batting: RHB Luis Arce
|
0-0: Ball 1-0: Called Strike 1-1: Foul Ball, location: 2F 1-2: Ball 2-2: Fielders Choice at 2nd, 6-4 (Groundball, 6, EV 89.4 MPH)
|
| Bottom of the 3rd over - 1 run, 3 hits, 0 errors, 3 left on base; Corpus Christi 1 - Frisco 5 |
| TOP OF THE 4TH |
|
Corpus Christi Hooks batting - Pitching for Frisco RoughRiders : RHP Eric Richards
|
|
Batting: LHB Bob Dietz
|
0-0: Ball 1-0: Called Strike 1-1: SINGLE (Groundball, 56D, EV 103.8 MPH)
|
|
Batting: RHB Jesus Malave
|
0-0: Ball Bob Dietz steals 2nd base 1-0: Ball 2-0: Called Strike 2-1: Ground out 5-3 (Groundball, 56, EV 106.2 MPH)
|
|
Batting: RHB Pat McCoy
|
0-0: Ball 1-0: Ball 2-0: Called Strike 2-1: Called Strike 2-2: Ground out 6-3 (Groundball, 6, EV 103.8 MPH)
|
|
Batting: RHB Alex Campos
|
0-0: Foul Ball, location: 2F 0-1: Ball 1-1: Swinging Strike 1-2: Ball 2-2: Strikes out swinging
|
| Top of the 4th over - 0 runs, 1 hit, 0 errors, 1 left on base; Corpus Christi 1 - Frisco 5 |
| BOTTOM OF THE 4TH |
|
Frisco RoughRiders batting - Pitching for Corpus Christi Hooks : RHP Robin Yelland
|
|
Batting: LHB Yoshinari Nara
|
0-0: Ball 1-0: Called Strike 1-1: Foul Ball, location: 2F 1-2: Ball 2-2: Strikes out swinging
|
|
Batting: LHB Jody Hudson
|
0-0: Swinging Strike 0-1: Called Strike 0-2: Ball 1-2: Foul Ball, location: 2F 1-2: Fly out, F8 (Flyball, 8LD, EV 106.9 MPH)
|
|
Batting: RHB Chance Lamb
|
0-0: Called Strike 0-1: Ball 1-1: Ball 2-1: Reached on error, E5 (Groundball, 5S, EV 90.6 MPH)
|
|
Batting: LHB Josh Stuck
|
0-0: 2-RUN HOME RUN (Flyball, 8RXD, EV 115.0 MPH), Distance : 472 ft
|
|
Batting: RHB Wally Cangro
|
0-0: Called Strike 0-1: Ground out 4-3 (Groundball, 4, EV 85.6 MPH)
|
| Bottom of the 4th over - 2 runs, 1 hit, 1 error, 0 left on base; Corpus Christi 1 - Frisco 7 |
| TOP OF THE 5TH |
|
Corpus Christi Hooks batting - Pitching for Frisco RoughRiders : RHP Eric Richards
|
|
Batting: RHB Dustin Hartman
|
0-0: Foul Ball, location: 2F 0-1: Ball 1-1: Ground out U3 (Groundball, 34, EV 85.0 MPH)
|
|
Batting: RHB Dave Gallegos
|
0-0: Swinging Strike 0-1: Foul Ball, location: 2F 0-2: Strikes out swinging
|
|
Batting: LHB Jose Chavez
|
0-0: Ball 1-0: Hit by Pitch
|
|
Batting: RHB Edgar Trejo
|
0-0: Ball 1-0: Ground out 4-3 (Groundball, 34S, EV 86.9 MPH)
|
| Top of the 5th over - 0 runs, 0 hits, 0 errors, 1 left on base; Corpus Christi 1 - Frisco 7 |
| BOTTOM OF THE 5TH |
|
Frisco RoughRiders batting - Pitching for Corpus Christi Hooks : RHP Robin Yelland
|
|
Batting: RHB Danny Odom
|
0-0: Ball 1-0: Ball 2-0: Called Strike 2-1: Foul Ball, location: 2F 2-2: Foul Ball, location: 2F 2-2: Foul Ball, location: 2F 2-2: Strikes out looking
|
|
Batting: RHB Jordan Fairburn
|
0-0: Ball 1-0: Ball 2-0: Foul Ball, location: 2F 2-1: Foul Ball, location: 2F 2-2: Strikes out looking
|
|
Batting: RHB Matt Sanders
|
0-0: Called Strike 0-1: Ground out 5-3 (Groundball, 5, EV 80.6 MPH)
|
| Bottom of the 5th over - 0 runs, 0 hits, 0 errors, 0 left on base; Corpus Christi 1 - Frisco 7 |
| TOP OF THE 6TH |
|
Corpus Christi Hooks batting - Pitching for Frisco RoughRiders : RHP Eric Richards
|
|
Batting: RHB Duncan Collins
|
0-0: Ball 1-0: Foul Ball, location: 2F 1-1: Foul Ball, location: 2F 1-2: Ball 2-2: Foul Ball, location: 2F 2-2: Foul Ball, location: 2F 2-2: Ball 3-2: Fly out, F7 (Flyball, 78M, EV 80.0 MPH)
|
|
Batting: LHB Bob Dietz
|
0-0: Called Strike 0-1: Fly out, F9 (Flyball, 9LD, EV 83.8 MPH)
|
|
Batting: RHB Jesus Malave
|
0-0: Called Strike 0-1: Swinging Strike 0-2: Strikes out swinging
|
| Top of the 6th over - 0 runs, 0 hits, 0 errors, 0 left on base; Corpus Christi 1 - Frisco 7 |
| BOTTOM OF THE 6TH |
|
Frisco RoughRiders batting - Pitching for Corpus Christi Hooks : RHP Robin Yelland
|
|
Batting: RHB Luis Arce
|
0-0: Reached on error, E6 (Groundball, 6, EV 87.5 MPH)
|
|
Batting: LHB Yoshinari Nara
|
0-0: Called Strike 0-1: Ball 1-1: Foul Ball, location: 2F 1-2: Ball 2-2: Fly out, F7 (Flyball, 7S, EV 81.9 MPH)
|
|
Pitching: RHP Tony Valdez
|
|
|
Batting: LHB Jody Hudson
|
0-0: Ball 1-0: Called Strike 1-1: Foul Ball, location: 2F 1-2: Foul Ball, location: 2F 1-2: Ball 2-2: Strikes out swinging
|
|
Batting: RHB Chance Lamb
|
0-0: Ball 1-0: Called Strike 1-1: Ball 2-1: Ball 3-1: Called Strike 3-2: Strikes out swinging
|
| Bottom of the 6th over - 0 runs, 0 hits, 1 error, 1 left on base; Corpus Christi 1 - Frisco 7 |
| TOP OF THE 7TH |
|
Corpus Christi Hooks batting - Pitching for Frisco RoughRiders : RHP Eric Richards
|
|
Batting: RHB Pat McCoy
|
0-0: Fly out, F8 (Flyball, 8RD, EV 88.1 MPH)
|
|
Batting: RHB Alex Campos
|
0-0: Swinging Strike 0-1: Foul Ball, location: 2F 0-2: Ball 1-2: Ball 2-2: SINGLE (Groundball, 56D, EV 108.1 MPH)
|
|
Batting: RHB Dustin Hartman
|
0-0: Called Strike 0-1: Ball 1-1: Fly out, F6 (Popup, 6, EV 66.2 MPH)
|
|
Batting: RHB Dave Gallegos
|
0-0: Ball 1-0: Foul Ball, location: 2F 1-1: Foul Ball, location: 2F 1-2: Strikes out swinging
|
| Top of the 7th over - 0 runs, 1 hit, 0 errors, 1 left on base; Corpus Christi 1 - Frisco 7 |
| BOTTOM OF THE 7TH |
|
Frisco RoughRiders batting - Pitching for Corpus Christi Hooks : RHP Tony Valdez
|
|
Batting: LHB Josh Stuck
|
0-0: Ball 1-0: Ball 2-0: Ball 3-0: Called Strike 3-1: Base on Balls
|
|
Batting: RHB Wally Cangro
|
0-0: Called Strike 0-1: Ball 1-1: Swinging Strike 1-2: Foul Ball, location: 2F 1-2: Foul Ball, location: 2F 1-2: Strikes out swinging
|
|
Pitching: RHP Zack Evans
|
|
|
Batting: RHB Danny Odom
|
0-0: Ball 1-0: Ball 2-0: Foul Ball, location: 2F 2-1: Called Strike Josh Stuck is caught stealing 2nd base 2-4 2-2: Foul Ball, location: 2F 2-2: Ground out 5-3 (Groundball, 56, EV 88.1 MPH)
|
| Bottom of the 7th over - 0 runs, 0 hits, 0 errors, 0 left on base; Corpus Christi 1 - Frisco 7 |
| TOP OF THE 8TH |
|
Corpus Christi Hooks batting - Pitching for Frisco RoughRiders : RHP Eric Richards
|
|
Batting: LHB Jose Chavez
|
0-0: Ball 1-0: Fly out, F4 (Flyball, 4MD, EV 85.0 MPH)
|
|
Batting: RHB Edgar Trejo
|
0-0: Fly out, F7 (Flyball, 78M, EV 88.1 MPH)
|
|
Batting: RHB Duncan Collins
|
0-0: Ground out 6-3 (Groundball, 56, EV 100.6 MPH)
|
| Top of the 8th over - 0 runs, 0 hits, 0 errors, 0 left on base; Corpus Christi 1 - Frisco 7 |
| BOTTOM OF THE 8TH |
|
Frisco RoughRiders batting - Pitching for Corpus Christi Hooks : RHP Zack Evans
|
|
Batting: RHB Jordan Fairburn
|
0-0: Ground out 4-3 (Groundball, 4, EV 100.6 MPH)
|
|
Batting: RHB Matt Sanders
|
0-0: Called Strike 0-1: Swinging Strike 0-2: Foul Ball, location: 2F 0-2: Ball 1-2: Strikes out looking
|
|
Batting: RHB Luis Arce
|
0-0: Ball 1-0: Ball 2-0: Called Strike 2-1: Called Strike 2-2: Ball 3-2: Strikes out swinging
|
| Bottom of the 8th over - 0 runs, 0 hits, 0 errors, 0 left on base; Corpus Christi 1 - Frisco 7 |
| TOP OF THE 9TH |
|
Corpus Christi Hooks batting - Pitching for Frisco RoughRiders : RHP Eric Richards
|
|
Batting: LHB Bob Dietz
|
0-0: Called Strike 0-1: Ball 1-1: Ground out 5-3 (Groundball, 5, EV 76.9 MPH)
|
|
Batting: RHB Jesus Malave
|
0-0: Ball 1-0: Ground out 5-3 (Groundball, 56, EV 86.9 MPH)
|
|
Batting: RHB Pat McCoy
|
0-0: Called Strike 0-1: Foul Ball, location: 2F 0-2: Ground out 5-3 (Groundball, 56, EV 91.2 MPH)
|
| Top of the 9th over - 0 runs, 0 hits, 0 errors, 0 left on base; Corpus Christi 1 - Frisco 7 |
|